 Dungeon Crawl Stone Soup version 0.28-b1-1-g3c77fb2ed1 (webtiles) character file.

Game seed: 5193360932636645735

1439 pkoi the Carver (level 8, -6/68 HPs)
             Began as a Minotaur Fighter on Jan 28, 2022.
             Was a Believer of the Shining One.
             Mangled by an orc warrior (14 damage)
             ... on level 6 of the Dungeon.
             The game lasted 00:06:09 (5448 turns).

pkoi the Carver (Minotaur Fighter)                  Turns: 5448, Time: 00:06:10

Health: -6/68      AC:  8    Str: 23    XL:     8   Next: 45%
Magic:  7/7        EV:  9    Int:  5    God:    the Shining One [**....]
Gold:   232        SH:  5    Dex: 10    Spells: 7/7 levels left

rFire   . . .      SeeInvis .   a - +0 long sword
rCold   . . .      Faith    .   c - +0 buckler
rNeg    + . .      Spirit   .   b - +0 scale mail
rPois   .          Reflect  .   (helmet restricted)
rElec   .          Harm     .   (no cloak)
rCorr   .          Rampage  .   (no gloves)
Will    .....                   u - +0 pair of boots
Stlth   ..........              (no amulet)
HPRegen 0.21/turn               o - +4 ring of slaying
MPRegen 0.10/turn               (no ring)

@: glowing
A: horns 2, retaliatory headbutt
a: Renounce Religion, Divine Shield


You were on level 6 of the Dungeon.
You worshipped the Shining One.
The Shining One was pleased with you.
You visited 1 branch of the dungeon, and saw 6 of its levels.

You collected 232 gold pieces.

Inventory:

Hand Weapons
 a - a +0 long sword (weapon)
Missiles
 j - 16 poisoned darts (quivered)
Armour
 b - a +0 scale mail (worn)
 c - a +0 buckler (worn)
 u - a +0 pair of boots (worn)
 v - a +0 kite shield
Jewellery
 g - a ring of fire
 o - a +4 ring of slaying (left hand)
Wands
 n - a wand of paralysis (3)
 t - a wand of polymorph (7)
Scrolls
 e - 3 scrolls of identify
 f - a scroll of teleportation
 h - a scroll of immolation {unknown}
 m - a scroll of enchant armour {unknown}
 p - a scroll of noise {unknown}
 s - a scroll of blinking {unknown}
 w - a scroll of fear {unknown}
Potions
 d - a potion of might
 i - 2 potions of degeneration {unknown}
 k - 3 potions of invisibility {unknown}
 l - a potion of haste
 q - 3 potions of curing {unknown}
 r - 2 potions of cancellation {unknown}
 x - a potion of flight {unknown}
 z - a potion of resistance {unknown}


   Skills:
 + Level 5.0 Fighting
 + Level 11.1 Long Blades
 + Level 5.0 Armour
 + Level 5.2 Shields


You had 7 spell levels left.
You didn't know any spells.
Your spell library contained the following spells:

 Spells                   Type           Power      Damage    Failure   Level
 Lesser Beckoning         Tloc           0%         N/A       99%         3
 Summon Forest            Summ/Tloc      0%         N/A       100%        5
 Summon Horrible Things   Summ           0%         N/A       100%        8


Dungeon Overview and Level Annotations

Branches:
Dungeon (6/15)
 Temple: D:4-7

Altars:
Elyvilon
Gozag
Nemelex Xobeh
Okawaru
Sif Muna
Trog
The Shining One

Shops:
D:4 *

Annotations:
D:5 2 transporters


Innate Abilities, Weirdness & Mutations

You have a pair of horns on your head.
You reflexively headbutt those who attack you in melee.


Message History

No target in view!
No target in view!
No target in view!
Things that are here:
a +0 short sword; a +0 flail; an orc corpse
There is a stone staircase leading down, spattered with blood here.
You start resting.
HP restored.
You climb downwards.
There is a stone staircase leading up, spattered with blood here.
Unknown command.
The orc warrior barely misses you.
The orc warrior hits you with a +0 halberd.
You barely miss the orc warrior.
The orc warrior hits you with a +0 halberd!
You slash the orc warrior!
The orc warrior is moderately wounded.
The orc warrior hits you with a +0 halberd!
You barely miss the orc warrior.
You headbutt the orc warrior, but do no damage.
The orc warrior is moderately wounded.
A sky beast comes into view.
The orc warrior hits you with a +0 halberd!
You are too injured to fight recklessly!
You are too injured to fight recklessly!
You are too injured to fight recklessly!
You are too injured to fight recklessly!
You are too injured to fight recklessly!
You are too injured to fight recklessly!
You are too injured to fight recklessly!
You are too injured to fight recklessly!
You are too injured to fight recklessly!
You are too injured to fight recklessly!
You are too injured to fight recklessly!
You are too injured to fight recklessly!
The orc warrior hits you from afar with a +0 halberd!
* * * LOW HITPOINT WARNING * * *
There is a stone staircase leading up, spattered with blood here.
The orc warrior hits you from afar with a +0 halberd!
You die...

#.<........
#....Y...#
####.....#
#..#.....#
#........#
##.......##.#
###)........
#####o..##....
#.[@....# ...
#.......# .
#..>..รท.##
..........#
........##.#
#...........#
###...... ....
##...>......
#...# ...#


You could see an orc warrior.

Vanquished Creatures
  2 ice beasts (D:5)
  2 black bears
  An ogre (D:4)
  An orc warrior (D:4)
  2 lemures (D:5)
  A phantom (D:5)
  A bullfrog (D:6)
  2 scorpions (D:5)
  2 centaur zombies (D:5)
  A bullfrog zombie (D:5)
  3 hounds (D:5)
  4 orc priests
  2 iguanas (D:6)
  Natasha (thrice) (D:2)
  An orc wizard (D:4)
  A hound zombie (D:5)
  3 adders
  A white imp (D:6)
  An ufetubus (D:5)
  6 worms
  3 dart slugs
  10 orcs
  8 endoplasms
  5 giant cockroaches
  5 goblins
  7 hobgoblins
  7 jackals
  2 quokkas
  5 ball pythons
  6 bats
  5 frilled lizards
  8 kobolds
  5 rats
116 creatures vanquished.

Vanquished Creatures (others)
  A quokka (D:3)
1 creature vanquished.

Grand Total: 117 creatures vanquished

Notes
Turn   | Place    | Note
-------+----------+-------------------------------------------
     0 | D:1      | pkoi the Minotaur Fighter began the quest for the Orb.
     0 | D:1      | Reached XP level 1. HP: 19/19 MP: 0/0
    85 | D:1      | Reached skill level 3 in Long Blades
   135 | D:1      | Reached XP level 2. HP: 26/26 MP: 1/1
   532 | D:1      | Reached skill level 4 in Long Blades
   571 | D:1      | Reached XP level 3. HP: 30/31 MP: 2/2
   642 | D:1      | Found a faded altar of an unknown god.
  1210 | D:2      | Noticed Natasha
  1222 | D:2      | Killed Natasha
  1223 | D:2      | Reached skill level 5 in Long Blades
  1223 | D:2      | Reached XP level 4. HP: 13/39 MP: 3/3
  1241 | D:2      | Noticed Natasha
  1432 | D:2      | Found a glowing golden altar of the Shining One.
  1440 | D:2      | Killed Natasha
  1454 | D:2      | Became a worshipper of the Shining One
  1454 | D:2      | Noticed Natasha
  1458 | D:2      | Killed Natasha
  1459 | D:2      | Reached skill level 6 in Long Blades
  1550 | D:2      | Reached XP level 5. HP: 45/45 MP: 4/4
  2081 | D:3      | Found a white marble altar of Elyvilon.
  2437 | D:3      | Reached skill level 7 in Long Blades
  2713 | D:3      | You fall into a shaft and drop 2 floors!
  2713 | D:5      | Entered Level 5 of the Dungeon
  2729 | D:5      | Reached XP level 6. HP: 44/51 MP: 5/5
  2868 | D:5      | Reached skill level 8 in Long Blades
  2882 | D:4      | Reached * piety under the Shining One
  2970 | D:4      | Reached skill level 9 in Long Blades
  2970 | D:4      | Reached XP level 7. HP: 49/57 MP: 6/6
  3021 | D:4      | Found Tassae's Fire Supplies.
  3143 | D:4      | Reached skill level 10 in Long Blades
  3787 | D:4      | Found a shimmering blue altar of Sif Muna.
  3787 | D:4      | Found a glowing golden altar of the Shining One.
  3788 | D:4      | Found an opulent altar of Gozag.
  3825 | D:4      | Found an iron altar of Okawaru.
  4003 | D:4      | Found a sparkling altar of Nemelex Xobeh.
  4521 | D:5      | Found a transporter.
  4524 | D:5      | Noticed a troll
  4526 | D:5      | Found a bloodstained altar of Trog.
  4533 | D:5      | Noticed a two-headed ogre
  4543 | D:5      | Found a transporter.
  4662 | D:5      | Reached XP level 8. HP: 63/66 MP: 7/7
  4696 | D:5      | Got the Incunabulum of Karma
  4791 | D:5      | Reached ** piety under the Shining One
  4867 | D:5      | Reached skill level 11 in Long Blades
  5048 | D:6      | Reached skill level 5 in Shields
  5375 | D:5      | Reached skill level 5 in Fighting
  5375 | D:5      | Reached skill level 5 in Armour
  5448 | D:6      | Mangled by an orc warrior

Illustrated notes

Levels and vault maps discovered:
D:1:      minmay_arrival_jagged, layout_loops_ring,
          hellmonk_ecumenical_altar_leap_of_faith
D:2:      layout_basic, basic_altar, uniq_natasha
D:3:      layout_rooms, elyvilon_altar_4, columned_hall_lemuel
D:4:      layout_basic, nicolae_overflow_quartered_altars,
          nemelex_spade_bored_becter, nicolae_shop_fire_sale
          [nicolae_sub_dead_trees], nicolae_wormholes
D:5:      layout_basic, gammafunk_temple_overflow_arena,
          chequers_decorated_corner
D:6:      layout_cave_pools, grunt_dithmenos_shadows, fedhas_ov_isle_minmay,
          minmay_temple_entry_drinking_statues, uniq_pikel

Skill      XL: |  1  2  3  4  5  6  7  8 |
---------------+-------------------------+-----
Long Blades    | 3 4 5 6 7 9 10 11 | 11.1
Shields        | 4 5 |  5.2
Fighting       | 4 5 |  5.0
Armour         | 4 5 |  5.0

Action                   |  1- 3 |  4- 6 |  7- 9 || total
-------------------------+-------+-------+-------++-------
Melee: Long sword        |    83 |    91 |    99 ||   273
       Headbutt          |     9 |    21 |    18 ||    48
  Use: Scroll            |       |       |     2 ||     2
Armor: Scale mail        |    36 |    37 |    31 ||   104
Dodge: Dodged            |    35 |    31 |    29 ||    95
Block: Buckler           |    18 |    15 |    15 ||    48
